 Dungeon Crawl Stone Soup version 0.31-a0-214-gb37851dbb3 (webtiles) character file.

Game seed: 15928737997659416630

385 qw the Shooter (level 6, -9/52 HPs)
             Began as a Minotaur Hexslinger on July 1, 2023.
             Mangled by an ogre
             ... wielding a +0 giant club
              (28 damage)
             ... on level 4 of the Dungeon.
             The game lasted 00:01:22 (2323 turns).

qw the Shooter (Minotaur Hexslinger)                Turns: 2323, Time: 00:01:22

Health: -9/52      AC:  6    Str: 12    XL:     6   Next: 48%
Magic:  6/6        EV: 11    Int: 10    God:
Gold:   163        SH:  0    Dex: 15    Spells: 6/7 levels left

rFire   . . .        Y - +1 sling
rCold   . . .        (no shield)
rNeg    . . .        k - +0 ring mail
rPois   +            (helmet restricted)
rElec   .            i - +0 cloak
rCorr   .            (no gloves)
SInv    +            (no boots)
Will    .....        (no amulet)
Stlth   +            a - ring of poison resistance
HPRegen 0.28/turn    g - ring of see invisible
MPRegen 0.10/turn

%: no passive effects
@: no status effects
A: horns 2, retaliatory headbutt
a: no special abilities


You were on level 4 of the Dungeon.
You visited 1 branch of the dungeon, and saw 4 of its levels.

You collected 163 gold pieces.


Innate Abilities, Weirdness & Mutations

You have a pair of horns on your head.
You reflexively headbutt those who attack you in melee.


   Skills:
 - Level 4.0 Fighting
 + Level 6.6 Ranged Weapons
 - Level 1.0 Armour
 - Level 2.1 Dodging
 - Level 1.0 Spellcasting
 - Level 2.0 Hexes


You had 6 spell levels left.
You knew the following spells:

 Your Spells              Type           Power      Damage    Failure   Level
a - Slow                  Hex            16%        N/A       34%         1

Your spell library contained the following spells:

 Spells                   Type           Power      Damage    Failure   Level
 Inner Flame              Hex/Fire       2%         N/A       83%         3
 Portal Projectile        Hex/Tloc       4%         N/A       83%         3
 Cause Fear               Hex            2%         N/A       98%         4

Inventory:

Hand Weapons
 Y - a +1 sling (weapon)
Armour
 i - a +0 cloak (worn)
 k - a +0 ring mail (worn)
Jewellery
 a - a ring of poison resistance (left hand)
 g - a ring of see invisible (right hand)
Potions
 b - a potion of mutation {unknown}
 d - 2 potions of heal wounds
 e - a potion of curing
 f - a potion of degeneration {unknown}
 h - a potion of cancellation {unknown}

Dungeon Overview and Level Annotations

Branches:
Dungeon (4/15)
 Temple: D:4-7

Altars:


Message History

Enter note:
Enter note:
Enter note:
Enter note:
Enter note:
Enter note:
Enter note:
Enter note:
Enter note: Done exploring.
2293 ||| DROPPING ring of magical power.
You drop a ring of magical power.
Done exploring.
2294 ||| UPGRADING to ring of see invisible.
g - a ring of see invisible (right hand) Done exploring.
(D) Dungeon
Where to? (* - list waypoints, Enter - D:3, ? - help)
What level of the Dungeon? (default 1, ? - help)
There is a stone staircase leading down here.
You climb downwards.
Found 14 gold pieces.
There is a stone staircase leading up here.
Waypoint 3 assigned to D:4.
An ogre comes into view. It is wielding a +0 giant club.
The ogre shouts!
You shoot a sling bullet.
The sling bullet barely misses the ogre.
You shoot a sling bullet. The sling bullet hits the ogre.
The ogre is moderately wounded.
The ogre hits you with a +0 giant club!!
Ouch! That really hurt!
You shoot a sling bullet. The sling bullet hits the ogre.
The ogre is moderately wounded.
You shoot a sling bullet.
The sling bullet hits the ogre but does no damage.
The ogre is moderately wounded.
The ogre hits you with a +0 giant club!!
Ouch! That really hurt!
You die...

##
##.##
##.#.#
#$@<#
#..O##
####.
#. ##


You could see an ogre.

Vanquished Creatures
  Sigmund (D:3)
  Jessica (D:2)
  Ijyb (D:3)
  Terence (D:2)
  Robin (D:3)
  A gnoll (D:1)
  4 adders (D:2)
  2 worms
  3 dart slugs
  2 orcs (D:3)
  7 ball pythons
  6 bats
  9 endoplasms
  A giant cockroach (D:2)
  14 goblins
  11 hobgoblins
  6 kobolds
  A quokka (D:2)
  3 frilled lizards
  4 rats
79 creatures vanquished.

Notes
Turn   | Place    | Note
-------+----------+-------------------------------------------
     0 | D:1      | qw the Minotaur Hexslinger began the quest for the Orb.
     0 | D:1      | Reached XP level 1. HP: 16/16 MP: 1/1
     0 | D:1      | 0 ||| qw: Version: 0.3-a-32-g5962c71
     0 | D:1      | 0 ||| qw: Game counter: 7604
     0 | D:1      | 0 ||| qw: Melee chars always use a shield: true
     0 | D:1      | 0 ||| qw: God list: Okawaru
     0 | D:1      | 0 ||| qw: Allow faded altars: false
     0 | D:1      | 0 ||| qw: Do Orc after clearing Dungeon:15 true
     0 | D:1      | 0 ||| qw: Do second Lair branch before Depths: true
     0 | D:1      | 0 ||| qw: Lair rune preference: random
     0 | D:1      | 0 ||| qw: Goals: Normal
     0 | D:1      | 0 ||| PLANNING D:1-11
    98 | D:1      | Reached skill level 3 in Ranged Weapons
    98 | D:1      | Reached XP level 2. HP: 23/23 MP: 2/2
   309 | D:1      | Reached XP level 3. HP: 14/29 MP: 3/3
   309 | D:1      | 309 ||| FLEEEEING.
   310 | D:1      | 310 ||| FLEEEEING.
   311 | D:1      | 311 ||| FLEEEEING.
   312 | D:1      | 312 ||| FLEEEEING.
   313 | D:1      | 313 ||| FLEEEEING.
   314 | D:1      | 314 ||| FLEEEEING.
   315 | D:1      | 315 ||| FLEEEEING.
   316 | D:1      | 316 ||| FLEEEEING.
   317 | D:1      | 317 ||| FLEEEEING.
   318 | D:1      | 318 ||| FLEEEEING.
   319 | D:1      | 319 ||| FLEEEEING.
   320 | D:1      | 320 ||| FLEEEEING.
   321 | D:1      | 321 ||| FLEEEEING.
   322 | D:1      | 322 ||| FLEEEEING.
   323 | D:1      | 323 ||| FLEEEEING.
   324 | D:1      | 324 ||| FLEEEEING.
   325 | D:1      | 325 ||| FLEEEEING.
   326 | D:1      | 326 ||| FLEEEEING.
   327 | D:1      | 327 ||| FLEEEEING.
   328 | D:1      | 328 ||| FLEEEEING.
   329 | D:1      | 329 ||| FLEEEEING.
   330 | D:1      | 330 ||| FLEEEEING.
   331 | D:1      | 331 ||| FLEEEEING.
   332 | D:1      | 332 ||| FLEEEEING.
   333 | D:1      | 333 ||| FLEEEEING.
   334 | D:1      | 334 ||| FLEEEEING.
   335 | D:1      | 335 ||| FLEEEEING.
   336 | D:1      | 336 ||| FLEEEEING.
   337 | D:1      | 337 ||| FLEEEEING.
   338 | D:1      | 338 ||| FLEEEEING.
   339 | D:1      | 339 ||| FLEEEEING.
   340 | D:1      | 340 ||| FLEEEEING.
   342 | D:1      | 342 ||| FLEEEEING.
   343 | D:1      | 343 ||| FLEEEEING.
   344 | D:1      | 344 ||| FLEEEEING.
   345 | D:1      | 345 ||| FLEEEEING.
   346 | D:1      | 346 ||| FLEEEEING.
   347 | D:1      | 347 ||| FLEEEEING.
   348 | D:1      | 348 ||| FLEEEEING.
   349 | D:1      | 349 ||| FLEEEEING.
   350 | D:1      | 350 ||| FLEEEEING.
   351 | D:1      | 351 ||| FLEEEEING.
   352 | D:1      | 352 ||| FLEEEEING.
   353 | D:1      | 353 ||| FLEEEEING.
   354 | D:1      | 354 ||| FLEEEEING.
   355 | D:1      | 355 ||| FLEEEEING.
   356 | D:1      | 356 ||| FLEEEEING.
   357 | D:1      | 357 ||| FLEEEEING.
   358 | D:1      | 358 ||| FLEEEEING.
   359 | D:1      | 359 ||| FLEEEEING.
   360 | D:1      | 360 ||| FLEEEEING.
   361 | D:1      | 361 ||| FLEEEEING.
   362 | D:1      | 362 ||| FLEEEEING.
   525 | D:1      | Reached skill level 4 in Ranged Weapons
   533 | D:1      | 533 ||| UPGRADING to +0 cloak.
   538 | D:1      | 538 ||| UPGRADING to +0 ring mail.
   548 | D:1      | 548 ||| DROPPING +0 robe.
   549 | D:1      | 549 ||| READING scroll labelled WUNEGO SAD VOMOF.
   550 | D:1      | 550 ||| READING scroll labelled XUKUTA ZISTRETI.
   551 | D:1      | 551 ||| READING scroll labelled YCSAON ETEJOGA.
   652 | D:1      | 652 ||| READING scroll labelled ANWURO SOSYET.
   653 | D:1      | 653 ||| DRINKING 2 bubbling clear potions.
   654 | D:1      | 654 ||| DROPPING scroll of poison.
   743 | D:2      | Found a faded altar of an unknown god.
   834 | D:2      | Reached skill level 1 in Armour
   928 | D:2      | Reached XP level 4. HP: 36/36 MP: 4/4
   928 | D:2      | Noticed Jessica
   933 | D:2      | Killed Jessica
  1179 | D:2      | Reached skill level 5 in Ranged Weapons
  1326 | D:2      | Noticed Terence
  1329 | D:2      | Killed Terence
  1330 | D:2      | Reached XP level 5. HP: 38/44 MP: 5/5
  1330 | D:2      | 1330 ||| FLEEEEING.
  1331 | D:2      | 1331 ||| FLEEEEING.
  1332 | D:2      | 1332 ||| FLEEEEING.
  1333 | D:2      | 1333 ||| FLEEEEING.
  1334 | D:2      | 1334 ||| FLEEEEING.
  1335 | D:2      | 1335 ||| FLEEEEING.
  1379 | D:2      | Reached skill level 3 in Fighting
  1536 | D:2      | 1536 ||| UPGRADING to ring of poison resistance.
  1537 | D:2      | 1537 ||| DROPPING ring of wizardry.
  1538 | D:2      | 1538 ||| READING scroll labelled UDAMUI GICH.
  1539 | D:2      | 1539 ||| READING scroll labelled WYHOAM ENLANEL.
  1542 | D:2      | 1542 ||| DRINKING 2 puce potions.
  1564 | D:3      | Noticed Sigmund
  1565 | D:3      | 1565 ||| FLEEEEING.
  1566 | D:3      | 1566 ||| FLEEEEING.
  1567 | D:3      | 1567 ||| FLEEEEING.
  1568 | D:3      | 1568 ||| FLEEEEING.
  1569 | D:3      | 1569 ||| STAIRDANCE
  1605 | D:3      | 1605 ||| STAIRDANCE
  1637 | D:3      | 1637 ||| STAIRDANCE
  1639 | D:2      | 1639 ||| DRINKING potion of curing.
  1639 | D:2      | 1639 ||| (to cure confusion)
  1646 | D:3      | 1646 ||| STAIRDANCE
  1721 | D:3      | Killed Sigmund
  1722 | D:3      | Reached skill level 6 in Ranged Weapons
  1722 | D:3      | Reached XP level 6. HP: 51/51 MP: 6/6
  1762 | D:3      | Noticed Robin
  1779 | D:3      | Noticed Ijyb
  1780 | D:3      | Killed Robin
  1781 | D:3      | 1781 ||| FLEEEEING.
  1782 | D:3      | 1782 ||| FLEEEEING.
  1783 | D:3      | 1783 ||| FLEEEEING.
  1785 | D:3      | 1785 ||| FLEEEEING.
  1787 | D:3      | 1787 ||| FLEEEEING.
  1788 | D:3      | 1788 ||| FLEEEEING.
  1789 | D:3      | 1789 ||| FLEEEEING.
  1790 | D:3      | 1790 ||| FLEEEEING.
  1791 | D:3      | 1791 ||| FLEEEEING.
  1792 | D:3      | 1792 ||| FLEEEEING.
  1793 | D:3      | 1793 ||| FLEEEEING.
  1794 | D:3      | 1794 ||| FLEEEEING.
  1795 | D:3      | 1795 ||| FLEEEEING.
  1796 | D:3      | 1796 ||| FLEEEEING.
  1797 | D:3      | 1797 ||| STAIRDANCE
  1829 | D:3      | Killed Ijyb
  2293 | D:3      | 2293 ||| DROPPING ring of magical power.
  2294 | D:3      | 2294 ||| UPGRADING to ring of see invisible.
  2323 | D:4      | Mangled by an ogre

Levels and vault maps discovered:
D:1:      lightli_arrival_noodles, layout_rooms, minmay_pentomino_w4
D:2:      layout_basic, shapermc_ecumenical_altar_venn, uniq_jessica,
          uniq_terence
D:3:      layout_rooms, serial_forest, infiniplex_forest_pool,
          infiniplex_forest_corner_1, infiniplex_forest_clump_curved,
          infiniplex_forest_lined_1, infiniplex_forest_lined_2,
          infiniplex_forest_clump_tiny, infiniplex_forest_clump_tiny,
          minmay_misc_feat_diagonals, corner_web_ring, uniq_robin, uniq_sigmund,
          uniq_ijyb
D:4:      layout_loops_ring, general_overflow_altar

Skill      XL: |  1  2  3  4  5  6 |
---------------+-------------------+-----
Ranged Weapons | 3 4 5 6 |  6.6
Fighting       | 2 3 4 |  4.0
Armour         | 1 |  1.0
Dodging        | |  2.1
Spellcasting   | |  1.0
Hexes          | |  2.0

Action                     |  1- 3 |  4- 6 || total
---------------------------+-------+-------++-------
  Melee: Unarmed           |       |     1 ||     1
   Fire: Sling             |   132 |   145 ||   277
    Use: Scroll            |     4 |     2 ||     6
         Potion            |     1 |     2 ||     3
 Armour: Robe              |     8 |       ||     8
         Ring mail         |    11 |    39 ||    50
         Skin              |       |     1 ||     1
  Dodge: Dodged            |    34 |    46 ||    80

Table legend:
 A = Non-vault XP
 B = Vault XP
 C = Vault XP percentage of total XP
 D = Non-vault monster count
 E = Vault monster count
 F = Vault count percentage of total count
                 A         B        C        D         E       F
            +---------+---------+-------+---------+---------+-------
      Total |     168 |     383 |  69.5 |      58 |      21 |  26.6
            +---------+---------+-------+---------+---------+-------
        D:1 |      53 |      12 |  18.5 |      23 |       6 |  20.7
        D:2 |      88 |      73 |  45.3 |      24 |       2 |   7.7
        D:3 |      27 |     298 |  91.7 |      11 |      13 |  54.2
            +---------+---------+-------+---------+---------+-------
